AoeStats
← Governor

Arabia

510304465Analyzed
1v1 RM · 1d ago on Sep 30, 2026· 39m 11s· 2 players
Game mode
Random Map
Map size
Tiny (2 player)
Population
200
Speed
Normal
Resources
Standard
Victory
Conquest
Starting age
Dark Age
Ending age
Imperial Age
RankedLock teamsTeams togetherTeam positionsShared explorationLock speedFull tech treeHidden civsTurbo modeCheats
Victory
Defeat
🇨🇳 Vikings · China
241
+13
🇫🇷 Spanish · France
183
-13
Valahryan
0:30 Loom
15:44 Feudal Age
16:19 Gold Mining
16:20 Double-Bit Axe
16:36 Horse Collar
18:29 Stone Mining
21:58 Wheelbarrow
27:08 Castle Age
24:56 Arson
24:32 Man-at-Arms
27:46 Bloodlines
27:57 Heavy Plow
28:36 Stone Shaft Mining
28:13 Husbandry
30:05 Bow Saw
30:58 Squires
30:44 Gambesons
33:58 Hand Cart
33:05 Long Swordsman
36:09 Padded Archer Armor
36:00 Fletching
36:20 Forging
36:10 Scale Mail Armor
36:16 Scale Barding Armor
37:32 Fortified Wall
37:32 Masonry
38:39 Ballistics
Governor
5:02 Loom
11:32 Feudal Age
12:28 Double-Bit Axe
12:27 Horse Collar
19:47 Forging
19:38 Scale Mail Armor
19:49 Gold Mining
19:49 Stone Mining
22:05 Fletching
24:19 Castle Age
23:12 Padded Archer Armor
23:18 Scale Barding Armor
24:41 Crossbowman
25:28 Squires
25:51 Bow Saw
30:23 Iron Casting
29:43 Bodkin Arrow
30:06 Chain Mail Armor
30:51 Ballistics
35:21 Imperial Age
36:27 Chieftains
38:09 Conscription
Connection lost

Rejoining the realm…

Still unreachable

The connection could not be restored.

Session expired

The server has moved on; the page needs a fresh start.